 Dungeon Crawl Stone Soup version 0.26-a0-639-g72c4674329 (webtiles) character file.

Game seed: 6947254578416965871

(classic levelgen) 233 EnegeticOcto the Chopper (level 5, -3/49 HPs)
             Began as a Deep Dwarf Fighter on Sept 28, 2020.
             Slain by a sky beast (4 damage)
             ... on level 5 of the Dungeon.
             The game lasted 00:00:36 (747 turns).

EnegeticOcto the Chopper (Deep Dwarf Fighter)        Turns: 747, Time: 00:00:36

Health: -3/49      AC:  9    Str: 20    XL:     5   Next: 75%
Magic:  4/4        EV:  7    Int:  9    God:
Gold:   143        SH:  9    Dex: 12    Spells: 4/4 levels left

rFire    . . .     SeeInvis .   a - +0 war axe
rCold    . . .     Faith    .   c - +0 kite shield
rNeg     . . .     Spirit   .   b - +0 scale mail
rPois    .         Reflect  .   l - +0 helmet
rElec    .         Harm     .   g - +0 cloak
rCorr    .         Rampage  .   (no gloves)
MR       .....                  (no boots)
Stlth    ..........             (no amulet)
HPRegen  0.00/turn              (no ring)
MPRegen  0.09/turn              (no ring)

@: non-regenerating
A: damage resistance, heal wounds, sense surroundings 1, no regeneration
a: Heal Wounds


You were on level 5 of the Dungeon.
You visited 1 branch of the dungeon, and saw 5 of its levels.

You collected 143 gold pieces.

Inventory:

Hand Weapons
 a - a +0 war axe (weapon)
Armour
 b - a +0 scale mail (worn)
 c - a +0 kite shield (worn)
 g - a +0 cloak (worn)
 l - a +0 helmet (worn)
Wands
 r - a wand of enslavement (9)
Scrolls
 e - 3 scrolls of fog {unknown}
 f - a scroll of identify {unknown}
 i - a scroll of enchant weapon {unknown}
 j - a scroll of magic mapping {unknown}
 k - 2 scrolls of amnesia {unknown}
Potions
 d - 2 potions of might {@q3}
 h - a potion of berserk rage {unknown}
 m - a potion of mutation {unknown}
 n - a potion of lignification {unknown}
 o - a potion of magic {unknown}
 p - 2 potions of cancellation {unknown}
 q - a potion of curing {unknown}


   Skills:
 + Level 3.5 Fighting
 * Level 4.5 Axes
 + Level 4.3 Armour
 + Level 4.3 Shields


You had 4 spell levels left.
You didn't know any spells.
Your spell library was empty.

Dungeon Overview and Level Annotations

Branches:
Dungeon (5/15)
 Temple: D:4-7

Altars:


Innate Abilities, Weirdness & Mutations

You are resistant to damage.
You can heal yourself by infusing magical energy.
You passively map a small area around you.
You do not regenerate.


Message History

There are monsters nearby!
There are monsters nearby!
You hit the white imp but do no damage.
The white imp is heavily wounded.
You closely miss the adder. You block the adder's attack.
The white imp closely misses you. You block the adder's attack.
You hit the white imp but do no damage.
The white imp is heavily wounded.
Your shield prevents you from hitting the adder.
The white imp closely misses you. You block the adder's attack.
The white imp gestures at you. The puff of frost hits you.
The adder bites you but does no damage.
You closely miss the white imp.
The white imp is heavily wounded.
You miss the adder. You block the adder's attack. The white imp hits you.
The white imp freezes you.
You slash the white imp!
You kill the white imp!
You miss the adder. You block the adder's attack. The adder misses you.
You slash the adder!
You kill the adder!
No target in view!
No target in view!
You now have 143 gold pieces (gained 9).
An orc comes into view.
The orc shouts!
You hear a shout! x2
Something shouts, "Leave, thou unctious stone-broke vassal!"
An orc is nearby!
An orc is nearby!
A sky beast comes into view.
An orc comes into view. It is wielding a +0 dagger.
You hit the orc.
The orc is heavily wounded.
An orc comes into view.
You slash the orc!
You kill the orc!
An orc comes into view.
You block the orc's attack.
The orc moves out of view.
You slash the orc!
You kill the orc!
The sky beast flickers out of sight!
Deactivating autopickup; reactivate with Ctrl-A.
Something hits you but does no damage.
No target in view!
No target in view!
No target in view!
No target in view!
There is a strange disturbance nearby!
There is a strange disturbance nearby!
There is a strange disturbance nearby!
There is a strange disturbance nearby!
There is a strange disturbance nearby!
You miss something. Something hits you but does no damage.
The orc throws a boomerang.
The boomerang closely misses you.
The weapon returns to the orc!
You hit something. Something hits you. Something shocks you.
The orc throws a boomerang.
The boomerang hits you but does no damage.
The weapon returns to the orc!
Something hits you but does no damage.
You miss something.
The orc throws a boomerang.
The boomerang hits you.
The weapon returns to the orc!
A sky beast appears from thin air!
Reactivating autopickup.
The sky beast hits you. The sky beast shocks you.
You barely miss the sky beast.
The sky beast is lightly wounded.
You block the sky beast's attack.
You miss the sky beast.
The sky beast is lightly wounded.
The sky beast flickers out of sight!
Deactivating autopickup; reactivate with Ctrl-A.
Something hits you but does no damage.
The orc throws a boomerang.
The weapon returns to the orc!
Something hits you. Something shocks you.
You closely miss something.
The orc throws a boomerang.
You block the boomerang.
The weapon returns to the orc!
Something hits you. Something shocks you.
* * * LOW HITPOINT WARNING * * *
The orc throws a boomerang.
The boomerang hits you but does no damage.
The weapon returns to the orc!
You barely miss something. Something hits you. Something shocks you.
* * * LOW HITPOINT WARNING * * *
The orc throws a boomerang.
The boomerang barely misses you.
The weapon returns to the orc!
Your scale mail prevents you from hitting something.
Something completely misses you.
The orc throws a boomerang.
The weapon returns to the orc!
Something hits you but does no damage.
You miss something. Something hits you but does no damage.
You miss something. You block something's attack.
The orc throws a boomerang.
The weapon returns to the orc!
You closely miss something. Something hits you. Something shocks you.
* * * LOW HITPOINT WARNING * * *
The orc throws a boomerang.
The boomerang hits you but does no damage.
The weapon returns to the orc!
You block something's attack.
You barely miss something.
The orc throws a boomerang.
The boomerang hits you but does no damage.
The weapon returns to the orc!
Something hits you.
* * * LOW HITPOINT WARNING * * *
Something shocks you.
You die...

, , *####.# , , ...#.# ,
, * ,....# , , * ###...#
< ,, . * ###* #.#...#*
,.. ,.. #.....## ### .#
*#. #.##...# ..#,.. ,
#.###.##.#.#*#.##.# *
#[@...#..#.# #.#..#
#{#####.##.###.#.## >,
,....................
,,#...o....########.#...
.......... ..........
.......<.. ,*########..
.##.....## *, #.. *
.....# ,,*, #.. *, *#. ,
, ##.


You could see an orc.

Vanquished Creatures
  A phantom (D:4)
  A hound (D:4)
  A worker ant (D:4)
  Robin (D:4)
  A howler monkey skeleton (D:4)
  3 adders
  A white imp (D:5)
  2 dart slugs
  2 orcs (D:5)
  11 goblins
  2 hobgoblins
  2 jackals (D:4)
  A quokka (D:2)
  A ball python skeleton (D:5)
  2 frilled lizards
  A jackal skeleton (D:4)
  A leopard gecko skeleton (D:4)
  A rat (D:2)
35 creatures vanquished.

Notes
Turn   | Place    | Note
-------+----------+-------------------------------------------
     0 | D:1      | EnegeticOcto the Deep Dwarf Fighter began the quest for the
                  | Orb.
     0 | D:1      | Reached XP level 1. HP: 20/20 MP: 1/1
    77 | D:2      | Reached XP level 2. HP: 25/27 MP: 2/2
   211 | D:3      | Reached XP level 3. HP: 27/34 MP: 3/3
   263 | D:4      | Noticed Robin
   273 | D:4      | Reached XP level 4. HP: 23/42 MP: 4/4
   282 | D:4      | Killed Robin
   326 | D:4      | Noticed a phantom
   373 | D:4      | Killed a phantom
   373 | D:4      | Reached XP level 5. HP: 25/49 MP: 4/4
   693 | D:5      | Entered Level 5 of the Dungeon
   732 | D:5      | Noticed a sky beast
   747 | D:5      | HP: 1/49 [something (3)]
   747 | D:5      | Slain by a sky beast

Illustrated notes

Levels and vault maps discovered:
D:1:      minmay_arrival_up_and_down, layout_loops_corners
D:2:      layout_basic, minmay_pentomino_s4
D:3:      layout_basic, nicolae_overflow_crystal_walls
D:4:      layout_rooms, uniq_robin
D:5:      layout_basic, gammafunk_ghost_icy, fedhas_altar_2

Skill      XL: |  1  2  3  4 |
---------------+-------------+-----
Fighting       | 3 |  3.5
Axes           | 3 4 |  4.5
Armour         | 4 |  4.3
Shields        | 4 |  4.3

Action                   |  1- 3 |  4- 6 || total
-------------------------+-------+-------++-------
Melee: War axe           |    46 |    68 ||   114
 Abil: Heal Wounds       |       |     2 ||     2
Armor: Scale mail        |    26 |    29 ||    55
Dodge: Dodged            |    17 |    18 ||    35
Block: Kite shield       |    26 |    43 ||    69

Table legend: (Time is in decaauts)
 A = Elapsed time spent in this place.
 B = Non-inter-level travel time spent in this place.
 C = Inter-level travel time spent in this place.
 D = Time resting spent in this place.
 E = Time spent auto-exploring this place.
 F = Levels seen in this place.
 G = Mean time per level.
                   A        B        C        D        E       F      G
               +--------+--------+--------+--------+--------+-----+--------+
         Total |    792 |    723 |     69 |      0 |    439 |   5 |  158.4 |
       Dungeon |    792 |    723 |     69 |      0 |    439 |   5 |  158.4 |
               +--------+--------+--------+--------+--------+-----+--------+

Top non-repeatable levels by time:
     D:4: 493 daAuts
     D:2: 131 daAuts
     D:5: 63 daAuts
     D:1: 56 daAuts
     D:3: 47 daAuts
